 Dungeon Crawl Stone Soup version 0.29.1-1-gd02db6906a (webtiles) character file.

Game seed: 9740082089873184318

310 Linkola the Covered (level 6, -2/53 HPs)
             Began as a Minotaur Fighter on Sept 27, 2022.
             Slain by an orc warrior
             ... wielding a +0 hand axe
              (6 damage)
             ... on level 4 of the Dungeon.
             The game lasted 00:05:16 (2627 turns).

Linkola the Covered (Minotaur Fighter)              Turns: 2627, Time: 00:05:16

Health: -2/53      AC: 13    Str: 22    XL:     6   Next: 17%
Magic:  5/5        EV:  6    Int:  5    God:
Gold:   107        SH:  4    Dex: 10    Spells: 5/5 levels left

rFire   . . .      SeeInvis .   a - +1 trident
rCold   . . .      Faith    .   c - +0 buckler
rNeg    . . .      Spirit   .   j - +0 plate armour
rPois   .          Reflect  .   (helmet restricted)
rElec   .          Harm     .   (no cloak)
rCorr   +          Rampage  .   h - +0 pair of gloves
Will    .....                   (no boots)
Stlth   ..........              (no amulet)
HPRegen 0.17/turn               i - ring of resist corrosion
MPRegen 0.09/turn               (no ring)

@: no status effects
A: horns 2, retaliatory headbutt
a: no special abilities


You were on level 4 of the Dungeon.
You visited 1 branch of the dungeon, and saw 4 of its levels.

You collected 107 gold pieces.

Inventory:

Hand Weapons
 a - a +1 trident (weapon)
Missiles
 f - 5 stones (quivered)
Armour
 c - a +0 buckler (worn)
 h - a +0 pair of gloves (worn)
 j - a +0 plate armour (worn)
Jewellery
 i - a ring of resist corrosion (left hand)
Wands
 p - a wand of paralysis (10)
Scrolls
 b - 2 scrolls of teleportation {unknown}
 e - a scroll of fog {unknown}
 k - 2 scrolls of identify
 l - a scroll of fear {unknown}
 m - a scroll of vulnerability {unknown}
Potions
 d - a potion of might
 n - a potion of ambrosia
 o - a potion of degeneration {unknown}


   Skills:
 + Level 4.4 Fighting
 + Level 4.1 Polearms
 * Level 2.2 Throwing
 + Level 4.9 Armour
 * Level 2.4 Dodging
 + Level 4.6 Shields


You had 5 spell levels left.
You didn't know any spells.
Your spell library contained the following spells:

 Spells                   Type           Power      Damage    Failure   Level
 Slow                     Hex            0%         N/A       100%        1
 Confusing Touch          Hex            0%         N/A       100%        3
 Vampiric Draining        Necr           0%         2d6       100%        3


Dungeon Overview and Level Annotations

Branches:
Dungeon (4/15)
 Temple: D:4-7

Altars:
Elyvilon


Innate Abilities, Weirdness & Mutations

You have a pair of horns on your head.
You reflexively headbutt those who attack you in melee.


Message History

The orc wizard casts a spell.
The orc wizard flickers and vanishes!
Deactivating autopickup; reactivate with Ctrl-A.
The orc wizard completely misses you. You furiously retaliate!
You headbutt the orc wizard!
You kill the orc wizard!
The orc warrior shoots a bolt.
Your Polearms skill increases to level 4!
You miss something.
The orc warrior shoots a bolt.
The bolt barely misses you. Something hits you but does no damage.
You closely miss something. Your headbutt misses something.
Something hits you but does no damage.
The orc warrior shoots a bolt.
You block the bolt.
You hit something. Your headbutt misses something.
You hear some strange, mumbled words.
A puff of flame appears from out of thin air!
The puff of flame hits you.
* * * LOW HITPOINT WARNING * * *
The orc warrior shoots a bolt.
Reactivating autopickup.
You feel a bit more experienced.
The orc warrior unwields a +0 arbalest.
The orc warrior wields a +0 hand axe.
The orc warrior hits you with a +0 hand axe.
* * * LOW HITPOINT WARNING * * *
Items here: )) [[ †.
You hit the orc warrior.
The orc warrior is lightly wounded.
The orc warrior hits you but does no damage.
You puncture the orc warrior! Your headbutt misses the orc warrior.
The orc warrior is heavily wounded.
The orc warrior hits you with a +0 hand axe.
* * * LOW HITPOINT WARNING * * *
You barely miss the orc warrior. You headbutt the orc warrior.
The orc warrior is severely wounded.
The orc warrior barely misses you. You furiously retaliate!
You headbutt the orc warrior, but do no damage.
You closely miss the orc warrior. Your headbutt misses the orc warrior.
The orc warrior is severely wounded.
The orc warrior hits you with a +0 hand axe.
You die...

$...........$
..(.........
........#..
.........#
.........# #
#.....#.#.###
#....<.......
###o#....####
####
#@#........
.....
#.#....####
......#.#....#
.............#
.............#
...<.......###
...........#
............>
.............#


You could see an orc warrior.

Vanquished Creatures
  Sigmund (D:2)
  An orc wizard (D:4)
  3 gnolls (D:3)
  2 adders
  2 worms (D:2)
  A dart slug (D:3)
  A ball python (D:3)
  6 bats
  2 endoplasms (D:2)
  4 giant cockroaches
  5 goblins
  7 hobgoblins
  3 quokkas
  4 frilled lizards
  3 kobolds (D:2)
  2 rats
47 creatures vanquished.

Vanquished Creatures (others)
  An orc wizard (D:4)
1 creature vanquished.

Grand Total: 48 creatures vanquished

Notes
Turn   | Place    | Note
-------+----------+-------------------------------------------
     0 | D:1      | Linkola the Minotaur Fighter began the quest for the Orb.
     0 | D:1      | Reached XP level 1. HP: 19/19 MP: 0/0
   577 | D:1      | Reached XP level 2. HP: 27/27 MP: 1/1
  1124 | D:2      | Found a faded altar of an unknown god.
  1141 | D:2      | Noticed Sigmund
  1153 | D:2      | Killed Sigmund
  1154 | D:2      | Reached skill level 1 in Throwing
  1154 | D:2      | Reached XP level 3. HP: 13/33 MP: 2/2
  1154 | D:2      | Reached XP level 4. HP: 16/40 MP: 3/3
  1154 | D:2      | Reached XP level 5. HP: 18/46 MP: 4/4
  2149 | D:3      | Reached XP level 6. HP: 53/53 MP: 5/5
  2247 | D:3      | Found a white marble altar of Elyvilon.
  2605 | D:4      | Noticed an orc warrior
  2627 | D:4      | Slain by an orc warrior

Illustrated notes

Levels and vault maps discovered:
D:1:      lemuel_arrival_river_ford, layout_basic
D:2:      layout_rooms, basic_ecumenical_altar, uniq_sigmund
D:3:      layout_loops_ring, nicolae_elyvilon_peaceful_grove,
          mrwooster_statue_mirror, nicolae_grassy_gnolls
D:4:      layout_basic, abandoned_shop, nicolae_shop_gadgets

Skill      XL: |  1  2  3  4  5  6 |
---------------+-------------------+-----
Armour         | 4 |  4.9
Fighting       | 4 |  4.4
Polearms       | 3 4 |  4.1
Throwing       | 1 2 |  2.2
Dodging        | 2 |  2.4
Shields        | 4 |  4.6

Action                   |  1- 3 |  4- 6 || total
-------------------------+-------+-------++-------
Melee: Trident           |    39 |    78 ||   117
       Headbutt          |     3 |     8 ||    11
Throw: Dart              |       |     6 ||     6
  Use: Scroll            |       |     5 ||     5
Armor: Scale mail        |    10 |       ||    10
       Plate armour      |       |    48 ||    48
Dodge: Dodged            |     7 |    28 ||    35
Block: Buckler           |     7 |    22 ||    29
